 Dungeon Crawl Stone Soup version 0.27-a0-1136-g0b992a5a9d (webtiles) character file.

Game seed: 14637196005109291419

528 freelancePsychic the Twirler (level 7, -2/57 HPs)
             Began as a White Draconian Air Elementalist on May 4, 2021.
             Was an Initiate of Vehumet.
             Slain by an orc warrior
             ... wielding a +0 battleaxe
              (18 damage)
             ... on level 4 of the Dungeon.
             The game lasted 00:16:05 (5154 turns).

freelancePsychic the Twirler (DrAE)                 Turns: 5154, Time: 00:16:06

Health: -2/57      AC:  8    Str: 10    XL:     7   Next: 3%
Magic:  2/11       EV: 12    Int: 17    God:    Vehumet [......]
Gold:   785        SH:  0    Dex: 12    Spells: 8/11 levels left

rFire    . . .     SeeInvis .   b - staff of air
rCold    + . .     Faith    .   (no shield)
rNeg     . . .     Spirit   .   (armour unavailable)
rPois    .         Reflect  .   (helmet restricted)
rElec    +         Harm     .   f - +1 cloak {Will+}
rCorr    .         Rampage  .   (no gloves)
Will     +....                  (no boots)
Stlth    ++........             (no amulet)
HPRegen  0.19/turn              (no ring)
MPRegen  0.12/turn              (no ring)

@: very slightly contaminated
A: breathe frost, AC +6, unfitting armour, cold resistance 1, cold-blooded
a: Breathe Frost, Renounce Religion


You were on level 4 of the Dungeon.
You worshipped Vehumet.
Vehumet was noncommittal.
You visited 2 branches of the dungeon, and saw 5 of its levels.

You collected 1016 gold pieces.
You spent 231 gold pieces at shops.

Inventory:

Hand Weapons
 a - a +0 lajatang of speed
 i - a +0 dagger
Armour
 f - a +1 cloak of willpower (worn)
Magical Staves
 b - a staff of air (weapon)
Jewellery
 e - a ring of poison resistance
 h - a ring of resist corrosion
Scrolls
 g - a scroll of noise {unknown}
 l - a scroll of amnesia {unknown}
 o - a scroll of fear {unknown}
 p - a scroll of identify {@r1}
 q - 2 scrolls of fog
 r - a scroll of magic mapping {unknown}
 s - a scroll of torment {unknown}
Potions
 c - a potion of heal wounds {unknown}
 d - a potion of attraction {unknown}
 j - a potion of lignification
 k - 3 potions of curing {@q1}
 m - a potion of flight {unknown}
 n - a potion of mutation {unknown}


   Skills:
 - Level 3.6 Fighting
 * Level 5.1 Staves
 - Level 1.7 Dodging
 - Level 1.7 Stealth
 - Level 2.8 Spellcasting
 + Level 2.1 Conjurations
 - Level 3.6 Air Magic


You had 8 spell levels left.
You knew the following spells:

 Your Spells              Type           Power      Damage    Failure   Level
a - Shock                 Conj/Air       72%        1d7       5%          1
b - Static Discharge      Conj/Air       18%        N/A       9%          2

Your spell library contained the following spells:

 Spells                   Type           Power      Damage    Failure   Level
 Swiftness                Air            22%        N/A       12%         3
 Sandblast                Erth           4%         2d4       19%         1
 Passwall                 Tmut/Erth      1%         N/A       26%         2
 Stone Arrow              Conj/Erth      12%        3d7       34%         3
 Airstrike                Air            11%        N/A       36%         4
 Lightning Bolt           Conj/Air       9%         1d21      83%         5
 Petrify                  Tmut/Erth      2%         N/A       87%         4
 Iskenderun's Battlesphe  Conj           9%         2d6       90%         5
 Bolt of Magma            Conj/Fire/Erth 2%         4d4       98%         5
 Lee's Rapid Deconstruct  Erth           1%         3d5*      99%         5
 Iron Shot                Conj/Erth      3%         9d2       100%        6
 Orb of Destruction       Conj           4%         9d2       100%        7
 Spellforged Servitor     Conj/Summ      3%         N/A       100%        7


Dungeon Overview and Level Annotations

Branches:
Dungeon (4/15)             Temple (1/1) D:4

Altars:
Ashenzari
Cheibriados
Dithmenos
Elyvilon
Fedhas
Gozag
Hepliaklqana
Kikubaaqudgha
Makhleb
Nemelex Xobeh
Okawaru
Qazlal
Ru
Sif Muna
Trog
Uskayaw
Vehumet
Wu Jian
Xom
Yredelemnul
Zin
The Shining One
Beogh

Shops:
D:1 [


Innate Abilities, Weirdness & Mutations

You can breathe waves of freezing cold which knock back foes.
Your icy white scales are hard. (AC +6)
You cannot fit into any form of body armour.
Your flesh is cold resistant. (rC+)
You are cold-blooded and may be slowed by cold attacks.


Message History

The adder skeleton is struck by an arc of lightning!
The adder skeleton is almost destroyed.
You resist.
You are struck by an arc of lightning.
The adder skeleton is struck by an arc of lightning.
You destroy the adder skeleton!
Vehumet accepts your kill.
The lightning grounds out.
An orc warrior comes into view. It is wielding a +0 battleaxe.
The orc warrior shouts!
The orc warrior throws a boomerang.
The boomerang hits you.
You feel a surge of power!
The zap hits the orc warrior.
The orc warrior is lightly wounded.
The zap hits the orc warrior.
The orc warrior is moderately wounded.
The orc warrior throws a boomerang.
The boomerang hits you but does no damage.
The orc warrior throws a boomerang.
The boomerang barely misses you.
The orc warrior hits you with a +0 battleaxe!
Casting: Shock (safe; 5% risk of failure)
Confirm with . or Enter, or press ? or * to list all spells.
You feel a surge of power!
The orc warrior is struck by an arc of lightning.
The orc warrior is heavily wounded.
You resist.
You are struck by an arc of lightning.
The lightning grounds out.
The orc warrior hits you with a +0 battleaxe!
Casting: Static Discharge (safe; 9% risk of failure)
Confirm with . or Enter, or press ? or * to list all spells.
You feel a surge of power!
The orc warrior is struck by an arc of lightning!
The orc warrior is severely wounded.
You resist.
You are struck by an arc of lightning.
The orc warrior hits you with a +0 battleaxe!
* * * LOW HITPOINT WARNING * * *
Casting: Static Discharge (safe; 9% risk of failure)
Confirm with . or Enter, or press ? or * to list all spells.
You feel a surge of power!
You miscast Static Discharge.
You are very lightly contaminated with residual magic.
Nothing appears to happen.
The orc warrior hits you with a +0 battleaxe!!
You die...

#################
#................
#.#.............)
######...##.##.##.##.#
#...##..##############
#.#..@o##.o# # #.#####..# #
#.#....##.# #
#...##..########### ##
##.####..##.##.##.##.# #.#
##.............. #.#
###.....###.### ###########
#.#######.........#
..........###.............#####


You could see an orc warrior.

Vanquished Creatures
  An ogre (D:4)
  A scorpion (D:4)
  A hound (D:4)
  A jelly (D:4)
  2 orc priests (D:3)
  2 iguanas (D:4)
  An orc wizard (D:3)
  A hound skeleton (D:4)
  Robin (D:3)
  2 adders
  An ufetubus (D:2)
  An adder skeleton (D:4)
  A worm (D:4)
  4 dart slugs
  13 orcs
  3 ball pythons
  8 bats
  9 endoplasms
  A giant cockroach (D:3)
  19 goblins
  8 hobgoblins
  15 jackals
  3 quokkas
  4 frilled lizards
  5 kobolds
  2 rats
110 creatures vanquished.

Notes
Turn   | Place    | Note
-------+----------+-------------------------------------------
     0 | D:1      | freelancePsychic the Draconian Air Elementalist began the
                  | quest for the Orb.
     0 | D:1      | Reached XP level 1. HP: 14/14 MP: 3/3
   304 | D:1      | Reached XP level 2. HP: 20/20 MP: 0/5
   639 | D:1      | Learned a level 2 spell: Static Discharge
   728 | D:1      | Found Suetuhel's Armour Emporium.
   791 | D:1      | Found a faded altar of an unknown god.
   933 | D:2      | Reached XP level 3. HP: 26/26 MP: 0/6
  1458 | D:2      | Identified 3 scrolls of acquirement
  1458 | D:2      | Acquired a +0 lajatang of speed
  1579 | D:2      | Reached skill level 1 in Staves
  1579 | D:2      | Reached XP level 4. HP: 21/33 MP: 2/8
  1704 | D:2      | Acquired a staff of air
  1706 | D:2      | Acquired 630 gold pieces
  1745 | D:1      | Bought a +1 cloak of willpower for 231 gold pieces
  2206 | D:3      | Reached skill level 1 in Fighting
  2206 | D:3      | Reached skill level 2 in Staves
  2402 | D:3      | Reached XP level 5. HP: 40/41 MP: 0/9
  2683 | D:3      | Reached skill level 3 in Staves
  2931 | D:3      | Identified the +2 helmet of Broken Taboos {rElec Will-
                  | Str+6 Slay+2}
  2931 | D:3      | Noticed Robin
  3212 | D:3      | Killed Robin
  3917 | D:4      | Reached XP level 6. HP: 46/50 MP: 3/10
  3995 | D:4      | Reached skill level 4 in Staves
  4484 | D:4      | Found a sparkling altar of Nemelex Xobeh.
  4605 | D:4      | Found a staircase to the Ecumenical Temple.
  4676 | D:4      | Reached skill level 5 in Staves
  4833 | D:4      | Your scales start taking on an icy white colour.
  4833 | D:4      | Reached XP level 7. HP: 56/57 MP: 4/11
  4833 | D:4      | Gained mutation: Your flesh is cold resistant. (rC+) [White
                  | Draconian growth]
  4866 | Temple   | Entered the Ecumenical Temple
  5009 | Temple   | Became a worshipper of Vehumet
  5154 | D:4      | Slain by an orc warrior

Illustrated notes

Levels and vault maps discovered:
D:1:      nzn_arrival_crosshair, layout_rooms, serial_shops,
          nicolae_shop_competitors_out_of_business, basic_ecumenical_altar
D:2:      layout_basic, minmay_indecisive_spiral
D:3:      kennysheep_goblin_castle, layout_basic, kennysheep_orc_chapel
D:4:      layout_rooms, nemelex_spade_bored_becter,
          minmay_temple_entry_offerings, ebering_dispersal_statue_hall,
          minmay_manual_macuahuitl
Temple:   kilobyte_greek_temple

Skill      XL: |  1  2  3  4  5  6 |
---------------+-------------------+-----
Conjurations   | 2 |  2.1
Staves         | 1 2 3 5 |  5.1
Fighting       | 1 2 3 |  3.6
Dodging        | |  1.7
Stealth        | |  1.7
Spellcasting   | |  2.8
Air Magic      | |  3.6

Action                   |  1- 3 |  4- 6 |  7- 9 || total
-------------------------+-------+-------+-------++-------
Melee: Dagger            |    34 |       |       ||    34
       Unarmed           |     3 |       |       ||     3
       Tailslap          |     5 |     6 |       ||    11
       Lajatang          |    19 |    69 |       ||    88
       Staff             |       |     7 |       ||     7
 Cast: Shock             |    34 |    69 |     1 ||   104
       Static Discharge  |    15 |    26 |     5 ||    46
  Use: Scroll            |     1 |     8 |       ||     9
       Potion            |       |     1 |       ||     1
 Stab: Sleeping          |       |     1 |       ||     1
Armor: Skin              |    22 |    41 |     1 ||    64
Dodge: Dodged            |    64 |    49 |     1 ||   114

Table legend: (Time is in decaauts)
 A = Elapsed time spent in this place.
 B = Non-inter-level travel time spent in this place.
 C = Inter-level travel time spent in this place.
 D = Time resting spent in this place.
 E = Time spent auto-exploring this place.
 F = Levels seen in this place.
 G = Mean time per level.
                   A        B        C        D        E       F      G
               +--------+--------+--------+--------+--------+-----+--------+
         Total |   5140 |   4962 |    178 |    290 |   3987 |   5 | 1028.0 |
       Dungeon |   4954 |   4819 |    135 |    290 |   3860 |   4 | 1238.5 |
        Temple |    185 |    143 |     42 |      0 |    127 |   1 |  185.0 |
               +--------+--------+--------+--------+--------+-----+--------+

Top non-repeatable levels by time:
     D:3: 1659 daAuts
     D:2: 1266 daAuts
     D:4: 1068 daAuts
     D:1: 960 daAuts
  Temple: 185 daAuts
